Match 46340215
Unlisted

Match 46340215
End
Kradschützen Motorcycle Team
Selects Italian Combined Arms Battlegroup
Selects Bersaglieri Squad
Bersaglieri Squad
Bersaglieri Squad
Construct Light Support Kompanie
Assault Grenadier Squad
Fire Support Elements
Selects Bersaglieri Bolster
Flakvierling Half-track
DebaKLeTV
Ashur
-AL- Nimahfrosch
Timeless
0
0

Comments sign in to comment!

No comments posted yet!